 Dungeon Crawl Stone Soup version 0.16-a0-1009-g0339a9e (webtiles) character file.

44 Kashira the Magician (level 3, 14/14 HPs)
             Began as a Felid Ice Elementalist on Oct 3, 2014.
             Quit the game on Level 3 of the Dungeon.
             The game lasted 00:09:45 (3413 turns).

Kashira the Magician (Felid Ice Elementalist)       Turns: 3413, Time: 00:09:45

HP  14/14        AC  1     Str  5      XL: 3   Next: 39%
MP  11/11        EV 18     Int 16      God:
Gold 162         SH  0     Dex 16      Spells:  4 memorised,  0 levels left
Lives: 0, deaths: 1

rFire  . . .     SeeInvis +     (weapon unavailable)
rCold  . . .     Clarity  .     (armour unavailable)
rNeg   . . .     rCorr    .     (shield unavailable)
rPois  .         rRot     .     (helmet unavailable)
rElec  .         Spirit   .     (cloak unavailable)
SustAb .         Warding  .     (gloves unavailable)
rMut   .         Stasis   .     (boots unavailable)
Gourm  .                        (no amulet)
MR     .....                    (no ring)
                                (no ring)

@: quick, not resistant to hostile enchantments, fairly stealthy
A: paw claws, no armour, no weapons or thrown items, fangs 3, see invisible,
carnivore 3, speed 1, shaggy fur 1, slow metabolism 1, jump 1
a: Jump Attack


You were on level 3 of the Dungeon.
You were not hungry.

You visited 1 branch of the dungeon, and saw 3 of its levels.

You collected 162 gold pieces.

Inventory:

Comestibles
 c - 2 meat rations
 d - a royal jelly
 g - 2 beef jerkies
Scrolls
 a - a scroll of teleportation
 f - 3 scrolls of amnesia
 i - a scroll of random uselessness {unknown}
 k - a scroll of recharging {unknown}
Potions
 e - 4 potions of curing
 h - a potion of heal wounds {unknown}
Books
 b - a book of Frost

   Spells                             Type                      Level
   *Freeze                            Ice                          1
   *Throw Frost                       Conjuration/Ice              2
   *Ozocubu's Armour                  Charms/Ice                   3
   Throw Icicle                       Conjuration/Ice              4
   Summon Ice Beast                   Ice/Summoning                4
   *Condensation Shield               Ice                          4


   Skills:
 - Level 2.6 Dodging
 - Level 2.6 Stealth
 + Level 4.0 Spellcasting
 - Level 1.0 Conjurations
 - Level 3.1 Ice Magic


You couldn't memorise any spells.
You knew the following spells:

 Your Spells              Type           Power        Failure   Level  Hunger
a - Freeze                Ice            ##..         6%          1    None
b - Throw Frost           Conj/Ice       #.....       12%         2    ##.....
c - Ozocubu's Armour      Chrm/Ice       #.......     28%         3    ###....
d - Condensation Shield   Ice            ##........   50%         4    ####...


Dungeon Overview and Level Annotations

Branches:
Dungeon (3/15)

Altars:
Ashenzari
Cheibriados
Kikubaaqudgha
Okawaru
Qazlal

Annotations:
D:2 Crazy Yiuf, Terence


Innate Abilities, Weirdness & Mutations

You cannot wear armour.
You are incapable of wielding weapons or throwing items.
Your paws have sharp claws.
You have razor-sharp teeth.
You have supernaturally acute eyesight.
You are carnivorous and can eat meat at any time.
You cover ground quickly.
You are covered in fur (AC +1).
You have a slow metabolism.
You can jump attack at a short distance.


Message History

You see here a giant gecko corpse.
g - 2 beef jerkies (gained 1)
There is an escape hatch in the ceiling here.
A rat comes into view.
A rat is nearby!
An orc priest comes into view.
An orc comes into view. It is wielding a short sword.
The orc priest glows brightly for a moment.
The orc priest calls down the wrath of Beogh upon you.
Something smites you!
Ouch! That really hurt!
* * * LOW HITPOINT WARNING * * *
You start resting.
The orc priest calls down the wrath of Beogh upon you.
Something smites you!
Ouch! That really hurt!
You die...
You are now level 3!
You rejoin the land of the living...
Are you sure you want to abandon this character and quit the game? (Confirm with "yes".)

#...# .....# #.. ...r.# # #
####### #...#
##########...#####
##########........'.......#
#..........########...#####
###.#####..# #..........)
#.# #.@## #.########## #.#
#...####.###....... #.#
#.#.#........######
#.#####.._..##.######..<#
#...%...#.#....#......#..
#######.#.######.######.#
#.#.....##.# #..
#.#.###.##.######.. #.#.#
#.##.........


There were no monsters in sight!

Vanquished Creatures
  2 adders
  A giant mite (D:2)
  A worm (D:2)
  2 giant geckos
  An ooze (D:1)
  4 orcs (D:3)
  A ball python (D:2)
  5 bats
  3 giant cockroaches
  10 hobgoblins
  A jackal (D:2)
  A quokka (D:3)
  6 giant newts
  6 goblins
  5 kobolds
  5 rats
54 creatures vanquished.

Notes
Turn   | Place    | Note
--------------------------------------------------------------
     0 | D:1      | Kashira, the Felid Ice Elementalist, began the quest for the Orb.
     0 | D:1      | Reached XP level 1. HP: 7/7 MP: 4/4
   828 | D:1      | Reached skill level 3 in Ice Magic
   828 | D:1      | Reached XP level 2. HP: 11/11 MP: 1/5
   871 | D:1      | Learned a level 2 spell: Throw Frost
  1176 | D:1      | Reached skill level 1 in Conjurations
  1674 | D:2      | Noticed Crazy Yiuf
  1703 | D:2      | Reached XP level 3. HP: 14/14 MP: 0/9
  1894 | D:2      | Found a shattered altar of Ashenzari.
  1969 | D:2      | Learned a level 3 spell: Ozocubu's Armour
  2322 | D:2      | Noticed Terence
  2593 | D:3      | Found a stormy altar of Qazlal.
  2640 | D:3      | Found an ancient bone altar of Kikubaaqudgha.
  2800 | D:3      | Found an iron altar of Okawaru.
  2810 | D:3      | Reached XP level 4. HP: 12/18 MP: 9/13
  3063 | D:3      | Learned a level 4 spell: Condensation Shield
  3270 | D:3      | Reached skill level 4 in Spellcasting
  3319 | D:3      | Found a snail-covered altar of Cheibriados.
  3412 | D:3      | Killed from afar by an orc priest
  3413 | D:3      | Reached XP level 3. HP: -6/14 MP: 11/11
  3413 | D:3      | Quit the game

Action                   |  1- 3 |  4- 6 || total
-------------------------+-------+-------++-------
Melee: Unarmed           |    13 |     2 ||    15
 Cast: Freeze            |    56 |    29 ||    85
       Throw Frost       |    24 |       ||    24
 Abil: Jump Attack       |       |     2 ||     2
  Use: Potion            |     1 |       ||     1
       Scroll            |     6 |     1 ||     7
 Stab: Sleeping          |     1 |       ||     1
  Eat: Chunk             |    12 |     2 ||    14
